 Dungeon Sprint DCSS version 0.31-a0-1-g4198be8af4 (webtiles) character file.

Game seed: 3944371824976154521

613 Darkkill the Fighter (level 7, -3/51 HPs)
             Began as a Gargoyle Berserker on May 2, 2023.
             Was a Priest of Trog.
             Slain by Sonja
             ... wielding a +2 dagger of draining
              (7 damage)
             ... in the Dungeon (Sprint I: "Red Sonja").
             The game lasted 00:02:00 (391 turns).

Darkkill the Fighter (Gargoyle Berserker)            Turns: 391, Time: 00:02:01

Health: -3/51      AC:  7    Str: 22    XL:     7   Next: 44%
Magic:  7/7        EV: 13    Int:  8    God:    Trog [***...]
Gold:   297        SH:  0    Dex:  9    Spells: 6/6 levels left

rFire   . . .        h - +2 scythe (heavy)
rCold   . . .        (shield currently unavailable)
rNeg    + . .        b - +0 animal skin
rPois   ∞            (no helmet)
rElec   +            (no cloak)
rCorr   .            (no gloves)
SInv    .            (no boots)
Will    ++...        (no amulet)
Stlth   +            (no ring)
HPRegen 1.28/turn    (no ring)
MPRegen 0.10/turn

%: no teleportation
@: strong-willed, regenerating
A: sickness immunity, AC +4, negative energy resistance 1, electricity
resistance, torment resistance 1, petrification resistance
a: Renounce Religion, Berserk, Trog's Hand


You were in the Dungeon.
You worshipped Trog.
Trog was most pleased with you.
You visited 1 branch You collected 297 gold pieces.

Inventory:

Hand Weapons
 h - a +2 heavy scythe (weapon)
Missiles
 a - 4 stones (quivered)
Armour
 b - a +0 animal skin (worn)
Wands
 i - a wand of flame (11)
Potions
 e - a potion of haste
 f - 2 potions of magic
 g - a potion of attraction {unknown}


   Skills:
 + Level 9.2 Fighting
 + Level 8.4 Maces & Flails
 + Level 8.9 Armour
 + Level 6.7 Dodging


You had 6 spell levels left.
You didn't know any spells.
Your spell library was empty.

Dungeon Overview and Level Annotations

Branches:
Dungeon (1/1)

Altars:
Cheibriados
Dithmenos
Elyvilon
Fedhas
Gozag
Hepliaklqana
Kikubaaqudgha
Makhleb
Nemelex Xobeh
Okawaru
Qazlal
Ru
Sif Muna
Trog
Uskayaw
Vehumet
Wu Jian
Xom
Yredelemnul
Zin
The Shining One
Jiyva
Lugonu

Shops:
D :

Annotations:
D Sonja


Innate Abilities, Weirdness & Mutations

You are immune to sickness and miasma.
Your stone body is resilient. (AC +4)
You are immune to poison.
You resist negative energy. (rN+)
You are resistant to electric shocks. (rElec)
You are resistant to unholy torment.
You are immune to petrification.


Message History

Sonja is moderately wounded.
Sonja gestures wildly while chanting.
Sonja blinks!
Sonja throws a curare-tipped dart.
The curare-tipped dart hits you.
Aiming: Throw Flame
Press: ? - help, Q - select action, (/) - cycle Shift-Dir - straight line, f/p - Sonja
Aim: Sonja, wielding a +2 dagger of draining and quivering curare-tipped darts (moderately wounded, 25% to hit)
The puff of flame hits Sonja!
Sonja is heavily wounded.
Aiming: Throw Flame
Press: ? - help, Q - select action, (/) - cycle Shift-Dir - straight line, f/p - Sonja
Aim: Sonja, wielding a +2 dagger of draining and quivering curare-tipped darts (heavily wounded, 25% to hit)
The puff of flame hits Sonja.
Sonja is heavily wounded.
Aiming: Throw Flame
Press: ? - help, Q - select action, (/) - cycle Shift-Dir - straight line, f/p - Sonja
Aim: Sonja, wielding a +2 dagger of draining and quivering curare-tipped darts (heavily wounded, 25% to hit)
The puff of flame misses Sonja.
Sonja completely misses you. Sonja hits you but does no damage. x2
Sonja hits you with a +2 dagger of draining.
Sonja hits you but does no damage.
Sonja hits you with a +2 dagger of draining.
You barely miss Sonja.
Sonja is heavily wounded.
Sonja casts a spell.
Sonja blinks!
You slash Sonja!
Sonja is almost dead.
Sonja gestures wildly while chanting.
Sonja blinks!
Sonja throws a curare-tipped dart.
The curare-tipped dart hits you.
Sonja throws a curare-tipped dart.
The curare-tipped dart misses you.
Sonja throws a curare-tipped dart.
The curare-tipped dart hits you.
Sonja gestures wildly while chanting.
Sonja blinks!
There is an open door, spattered with blood here.
Sonja throws a curare-tipped dart.
The curare-tipped dart barely misses you.
Sonja mumbles some strange words.
Sonja blinks!
Sonja mumbles some strange words.
Sonja blinks!
Aiming: Throw Flame
Press: ? - help, Q - select action, (/) - cycle Shift-Dir - straight line, f/p - Sonja
Aim: Sonja, wielding a +2 dagger of draining and quivering curare-tipped darts (severely wounded, 25% to hit)
Okay, then.
You miss Sonja.
Sonja is severely wounded.
Sonja hits you with a +2 dagger of draining.
Sonja hits you but does no damage. Sonja barely misses you.
Sonja hits you with a +2 dagger of draining. x3
Sonja closely misses you.
Sonja hits you with a +2 dagger of draining.
Sonja barely misses you.
You completely miss Sonja.
Sonja is severely wounded.
Sonja hits you with a +2 dagger of draining. x2
Sonja hits you but does no damage. Sonja barely misses you.
Sonja closely misses you.
Sonja hits you with a +2 dagger of draining. x2
Sonja barely misses you.
Sonja hits you with a +2 dagger of draining.
* * * LOW HITPOINT WARNING * * *
Aiming: Throw Flame
Press: ? - help, Q - select action, (/) - cycle Shift-Dir - straight line, f/p - Sonja
Aim: Sonja, wielding a +2 dagger of draining and quivering curare-tipped darts (severely wounded, 25% to hit)
The puff of flame misses Sonja.
Sonja hits you with a +2 dagger of draining.
* * * LOW HITPOINT WARNING * * *
Sonja barely misses you. Sonja closely misses you. Sonja barely misses you.
Sonja hits you but does no damage. x2
You feel much better. Sonja closely misses you.
Sonja hits you with a +2 dagger of draining. x2
You completely miss Sonja.
Sonja is severely wounded.
Sonja hits you with a +2 dagger of draining. x3
Sonja hits you with a +2 dagger of draining!
Sonja hits you with a +2 dagger of draining. x2
* * * LOW HITPOINT WARNING * * *
Sonja hits you with a +2 dagger of draining.
* * * LOW HITPOINT WARNING * * *
Sonja hits you with a +2 dagger of draining.
* * * LOW HITPOINT WARNING * * *
Sonja barely misses you.
You feel better. Sonja barely misses you. Sonja hits you but does no damage.
Sonja barely misses you. x2; Sonja closely misses you.
Sonja hits you with a +2 dagger of draining.
* * * LOW HITPOINT WARNING * * *
Your skin crawls.
You feel strong-willed.
Sonja hits you with a +2 dagger of draining.
* * * LOW HITPOINT WARNING * * *
Sonja hits you but does no damage. Sonja barely misses you.
You miss Sonja.
Sonja is severely wounded.
Sonja hits you with a +2 dagger of draining.
* * * LOW HITPOINT WARNING * * *
Sonja hits you but does no damage.
Sonja hits you with a +2 dagger of draining!
You die...

###################
#<.#).)..#..'..#__#
#..'..#..').#..'..+
#..#####'#####'#__#
#..####..#...#.####
#..#__####..##)#
#..#_____##'#_.+
#⌠⌠#_.∩.@.'..._#
####_.._K##_.#+#
#_____###'# #######
#.# $.$ $.$# ##.##
#+#


You could see Sonja.

Vanquished Creatures
  A slime creature (D)
  Sigmund (D)
  A yak (D)
  An ogre (D)
  A jelly (D)
  Ijyb (D)
6 creatures vanquished.

Notes
Turn   | Place    | Note
-------+----------+-------------------------------------------
     0 | D        | Darkkill the Gargoyle Berserker began the quest for the
                  | Orb.
     0 | D        | Reached XP level 1. HP: 14/14 MP: 1/1
     2 | D        | Noticed Ijyb
    10 | D        | Killed Ijyb
    11 | D        | Reached skill level 4 in Fighting
    11 | D        | Reached XP level 2. HP: 18/20 MP: 2/2
    11 | D        | Reached XP level 3. HP: 22/24 MP: 3/3
    41 | D        | Noticed an ogre
    45 | D        | HP: 1/24 [ogre/+0 giant club (23)]
    47 | D        | Killed an ogre
    48 | D        | Reached skill level 6 in Fighting
    48 | D        | Reached skill level 5 in Maces & Flails
    48 | D        | Reached skill level 5 in Armour
    48 | D        | Reached XP level 4. HP: 2/32 MP: 4/4
   183 | D        | Noticed Sigmund
   188 | D        | Killed Sigmund
   188 | D        | Reached ** piety under Trog
   189 | D        | Reached skill level 7 in Fighting
   189 | D        | Reached skill level 5 in Dodging
   189 | D        | Reached XP level 5. HP: 34/38 MP: 5/5
   189 | D        | Reached XP level 6. HP: 39/44 MP: 6/6
   260 | D        | Found a burning altar of Makhleb.
   260 | D        | Found a viscous altar of Jiyva.
   260 | D        | Found a shimmering altar of Xom.
   260 | D        | Found a corrupted altar of Lugonu.
   260 | D        | Noticed a slime creature
   264 | D        | Killed a slime creature
   265 | D        | Reached skill level 8 in Fighting
   265 | D        | Reached XP level 7. HP: 37/50 MP: 7/7
   311 | D        | Found an ornate altar of the Wu Jian Council.
   311 | D        | Found a shimmering blue altar of Sif Muna.
   320 | D        | Found a radiant altar of Vehumet.
   344 | D        | Found Vef Poge's Book Emporium.
   344 | D        | Found an ancient bone altar of Kikubaaqudgha.
   344 | D        | Found a hazy altar of Hepliaklqana.
   344 | D        | Found a stormy altar of Qazlal.
   344 | D        | Found a hide-covered altar of Uskayaw.
   344 | D        | Found a blossoming altar of Fedhas.
   344 | D        | Found a bloodstained altar of Trog.
   344 | D        | Found an iron altar of Okawaru.
   344 | D        | Found a basalt altar of Yredelemnul.
   344 | D        | Found a glowing golden altar of the Shining One.
   344 | D        | Found a snail-covered altar of Cheibriados.
   344 | D        | Found a sacrificial altar of Ru.
   344 | D        | Found a glowing silver altar of Zin.
   344 | D        | Found a shadowy altar of Dithmenos.
   344 | D        | Found a white marble altar of Elyvilon.
   344 | D        | Noticed a yak
   346 | D        | Killed a yak
   346 | D        | Reached *** piety under Trog
   347 | D        | Reached skill level 9 in Fighting
   347 | D        | Found an opulent altar of Gozag.
   348 | D        | Found a sparkling altar of Nemelex Xobeh.
   372 | D        | Noticed Sonja
   388 | D        | HP: 7/51 [Sonja/+2 dagger of draining (4)]
   391 | D        | Slain by Sonja

Illustrated notes

Levels and vault maps discovered:
D:        dungeon_sprint_1 [red_sonja_temple_1, red_sonja_temple_small_1]

Skill      XL: |  1  2  3  4  5  6  7 |
---------------+----------------------+-----
Fighting       | 4 6 7 8 9 |  9.2
Maces & Flails | 4 5 6 7 8 |  8.4
Armour         | 3 5 7 8 |  8.9
Dodging        | 2 4 5 6 |  6.7

Action                     |  1- 3 |  4- 6 |  7- 9 || total
---------------------------+-------+-------+-------++-------
  Melee: Mace              |     6 |     2 |       ||     8
         Halberd           |       |     3 |     9 ||    12
 Invoke: Berserk           |     1 |       |       ||     1
         Trog's Hand       |       |       |     1 ||     1
  Evoke: Wand              |     2 |     1 |     5 ||     8
    Use: Scroll            |     1 |       |       ||     1
         Potion            |       |     1 |     2 ||     3
 Armour: Animal skin       |       |     2 |    12 ||    14
  Dodge: Dodged            |     3 |     2 |    19 ||    24

Table legend: (Time is in decaauts)
 A = Elapsed time spent in this place.
 B = Non-inter-level travel time spent in this place.
 C = Inter-level travel time spent in this place.
 D = Time resting spent in this place.
 E = Time spent auto-exploring this place.
 F = Levels seen in this place.
 G = Mean time per level.
                   A        B        C        D        E       F      G
               +--------+--------+--------+--------+--------+-----+--------+
         Total |    424 |    424 |      0 |    272 |      0 |   1 |  424.0 |
       Dungeon |    424 |    424 |      0 |    272 |      0 |   1 |  424.0 |
               +--------+--------+--------+--------+--------+-----+--------+

Top non-repeatable levels by time:
       D: 424 daAuts

Levels and vault maps discovered:
D:        dungeon_sprint_1 [red_sonja_temple_1, red_sonja_temple_small_1]

Table legend: (Time is in decaauts)
 A = Elapsed time spent in this place.
 B = Non-inter-level travel time spent in this place.
 C = Inter-level travel time spent in this place.
 D = Time resting spent in this place.
 E = Time spent auto-exploring this place.
 F = Levels seen in this place.
 G = Mean time per level.
                   A        B        C        D        E       F      G
               +--------+--------+--------+--------+--------+-----+--------+
         Total |    424 |    424 |      0 |    272 |      0 |   1 |  424.0 |
       Dungeon |    424 |    424 |      0 |    272 |      0 |   1 |  424.0 |
               +--------+--------+--------+--------+--------+-----+--------+

Top non-repeatable levels by time:
       D: 424 daAuts

Table legend:
 A = Kills in this place as a percentage of kills in the entire game.
 B = Kills by you in this place as a percentage of kills by you in the entire game.
 C = Kills by friends in this place as a percentage of kills by friends in the entire game.
 D = Other kills in this place as a percentage of other kills in the entire game.
 E = Experience gained in this place as a percentage of experience gained in the entire game.
 F = Experience gained in this place divided by the number of levels of this place that you have seen.
                   A       B       C       D       E      F
               +-------+-------+-------+-------+-------+----------------------
         Total | 100.0 | 100.0 |   N/A |   N/A | 100.0 | 877.0
       Dungeon | 100.0 | 100.0 |   N/A |   N/A | 100.0 | 877.0
               +-------+-------+-------+-------+-------+----------------------
